 Dungeon Crawl Stone Soup version 0.30-a0-879-ga8ba668304 (webtiles) character file.

Game seed: 15437347561003690515

23024 ragingrage the Cruncher (level 12, -9/83 HPs)
             Began as a Demonspawn Reaver on Mar 13, 2023.
             Was a High Priest of Nemelex Xobeh.
             Killed from afar by a lindwurm (43 damage)
             ... with a blast of flame
             ... on level 3 of the Lair of Beasts.
             The game lasted 00:26:43 (17162 turns).

ragingrage the Cruncher (Demonspawn Reaver)        Turns: 17162, Time: 00:26:44

Health: -9/83      AC: 12    Str: 14    XL:     12   Next: 68%
Magic:  0/18       EV: 11    Int: 26    God:    Nemelex Xobeh [*****.]
Gold:   1321       SH:  0    Dex: 13    Spells: 5/19 levels left

rFire   . . .      SeeInvis .    B - +9 lajatang "Aluisut" {heavy, rN+ Int+4}
rCold   + . .      Faith    +    (shield currently unavailable)
rNeg    + . .      Spirit   +    M - +3 ring mail
rPois   +          Reflect  .    (helmet unavailable)
rElec   .          Rampage  .    Q - +0 cloak
rCorr   .                        I - +0 pair of gloves
Will    .....                    (no boots)
Stlth   ++                       K - amulet of faith
HPRegen 0.33/turn                C - ring "Rida" {rC+ Int+5}
MPRegen 0.32/turn                w - ring of poison resistance

@: very slightly contaminated
A: horns 3, slimy green scales 1, magic shield, magic regeneration
a: Renounce Religion, Draw Escape, Draw Destruction, Draw Summoning, Triple
Draw, Deal Four, Stack Five


You were on level 3 of the Lair of Beasts.
You worshipped Nemelex Xobeh.
Nemelex Xobeh was extremely pleased with you.
You visited 3 branches of the dungeon, and saw 17 of its levels.
You also visited: Bailey.

You collected 1321 gold pieces.

Inventory:

Hand Weapons
 b - a +3 longbow of freezing
 c - a +1 dagger of pain
 B - the +9 lajatang "Aluisut" (weapon) {heavy, rN+ Int+4}
   (You took it off a kobold in a bailey)

   Int:       It affects your intelligence (+4).
   rN:        It protects you from negative energy.
 D - the +7 mace "Onuenozoe" {freeze, Str+2 Dex+4}
   (You took it off an orc warrior in a bailey)

   Str:       It affects your strength (+2).
   Dex:       It affects your dexterity (+4).
 O - the +5 rapier of Lunuk {spect, rPois Str+3 Dex+4 SInv}
   (You found it on level 9 of the Dungeon)

   Str:       It affects your strength (+3).
   Dex:       It affects your dexterity (+4).
   rPois:     It protects you from poison.
   SInv:      It lets you see invisible.
Missiles
 n - 24 boomerangs
 x - 38 poisoned darts
Armour
 F - +0 ice dragon scales
 I - a +0 pair of gloves (worn)
 M - a +3 ring mail (worn)
 N - a +0 troll leather armour
 Q - a +0 cloak (worn)
Jewellery
 l - a ring of protection from cold
 w - a ring of poison resistance (right hand)
 C - the ring "Rida" (left hand) {rC+ Int+5}
   (You found it on level 7 of the Dungeon)

   [ring of protection from cold]

   Int:       It affects your intelligence (+5).
   rC:        It protects you from cold.
 E - a ring of flight
 K - an amulet of faith (around neck)
Wands
 a - a wand of light (9)
 u - a wand of roots (26)
 P - a wand of flame (7)
 R - a wand of paralysis (8)
Scrolls
 d - 4 scrolls of fear
 e - a scroll of brand weapon
 f - 6 scrolls of immolation
 h - 3 scrolls of magic mapping
 m - 2 scrolls of blinking
 o - 3 scrolls of enchant weapon
 p - a scroll of poison
 r - a scroll of torment
 t - a scroll of fog
 v - 3 scrolls of amnesia
 A - 5 scrolls of teleportation
 J - 4 scrolls of identify
 L - a scroll of enchant armour
Potions
 g - 4 potions of brilliance
 i - a potion of lignification
 j - a potion of haste
 k - 3 potions of heal wounds
 q - 4 potions of curing
 s - 5 potions of mutation
 z - 3 potions of attraction
 G - 2 potions of might
 H - 3 potions of flight
 S - a potion of invisibility
Miscellaneous
 y - a piece from Xom's chessboard (15/15)


   Skills:
 - Level 4.0 Fighting
 - Level 3.9(5.1) Short Blades
 - Level 5.1(5.8) Long Blades
 + Level 12.5 Staves
 - Level 4.0 Dodging
 - Level 4.0 Stealth
 - Level 4.0 Spellcasting
 - Level 3.7 Conjurations
 - Level 12.0 Necromancy
 - Level 0.9 Translocations
 - Level 9.0 Invocations


You had 5 spell levels left.
You knew the following spells:

 Your Spells              Type           Power      Damage    Failure   Level
a - Agony                 Necr           61%        N/A       3%          5
b - Vampiric Draining     Necr           61%        2d10      1%          3
c - Necrotise             Necr           100%       1d9       1%          1
d - Kiss of Death         Conj/Necr      100%       2d13      1%          1
e - Dispel Undead         Necr           61%        3d21      1%          4

Your spell library contained the following spells:

 Spells                   Type           Power      Damage    Failure   Level
 Sublimation of Blood     Necr           61%        N/A       1%          2
 Momentum Strike          Conj/Tloc      34%        3d8       10%         2
 Apportation              Tloc           20%        N/A       12%         1
 Summon Small Mammal      Summ           20%        N/A       17%         1
 Lesser Beckoning         Tloc           20%        N/A       19%         2
 Hailstorm                Conj/Ice       14%        3d5       24%         3
 Wereblood                Tmut           5%         N/A       26%         2
 Gell's Gravitas          Tloc           10%        N/A       34%         3
 Teleport Other           Tloc           10%        N/A       34%         3
 Confusing Touch          Hex            5%         N/A       45%         3
 Inner Flame              Hex/Fire       5%         N/A       45%         3
 Flame Wave               Conj/Fire      14%        2d6       63%         4
 Sticky Flame             Conj/Fire      14%        2d4       63%         4
 Airstrike                Air            2%         2d(1-17)  86%         4
 Summon Lightning Spire   Summ/Air       5%         N/A       86%         4
 Lightning Bolt           Conj/Air       7%         1d19      92%         5
 Summon Hydra             Summ           2%         N/A       100%        7


Dungeon Overview and Level Annotations

Branches:
Dungeon (11/15)            Temple (1/1) D:5            Lair (5/5) D:9
  Swamp (0/4) Lair:2        Snake (0/4) Lair:3        Slime (0/5) Lair:5
 Bailey (visited)
    Orc: D:9-12

Altars:
Ashenzari
Cheibriados
Dithmenos
Fedhas
Gozag
Hepliaklqana
Kikubaaqudgha
Makhleb
Nemelex Xobeh
Okawaru
Qazlal
Ru
Sif Muna
Trog
Uskayaw
Vehumet
Wu Jian
Xom
Yredelemnul
Jiyva

Shops:
D:4 (

Annotations:
D:1 exclusion: downstairs
D:4 exclusion: upstairs
D:10 2 runed translucent doors
Lair:2 exclusions: cane toad and hydra
Lair:4 2 runed translucent doors, Veudom's ghost, journeyman BaHu


Innate Abilities, Weirdness & Mutations

You have a pair of large horns on your head.
You are partially covered in slimy green scales. (AC +2)
When hurt, damage is shared between your health and your magic reserves.
You regenerate magic rapidly.


Message History

A lindwurm comes into view.
The bullfrog completely misses you.
Casting: Agony (dangerous; 3% risk of failure)
Aiming: Agony (dangerous; 3% risk of failure)
Aim: a bullfrog (chance to affect: 99%)
The bullfrog convulses!
The lindwurm roars!
The bullfrog closely misses you.
You carve the bullfrog like a ham!!!
You kill the bullfrog!
The lindwurm breathes flames at you.
The blast of flame hits the fungus!!
The fungus begins to die.
The blast of flame hits you!!
Casting: Agony (dangerous; 3% risk of failure)
Aiming: Agony (dangerous; 3% risk of failure)
Aim: a lindwurm (catching its breath, chance to affect: 96%)
You miscast Agony.
You are very lightly contaminated with residual magic.
Nothing appears to happen.
The lindwurm bites you! The lindwurm claws you.
The lindwurm closely misses you.
Casting: Agony (dangerous; 3% risk of failure)
You don't have enough magic to cast this spell.
Unknown command.
Casting: Agony (dangerous; 3% risk of failure)
Aiming: Vampiric Draining (safe; 1% risk of failure)
Aim: a lindwurm You draw life force from the lindwurm!
You feel life coursing into your body!
The lindwurm bites you but does no damage.
The lindwurm claws you but does no damage. x2
You hit the lindwurm. You headbutt the lindwurm!
A nearby fungus withers and dies.
The lindwurm bites you!
The lindwurm claws you but does no damage.
The lindwurm claws you!
You slash the lindwurm! The lindwurm closely misses you. x2
The lindwurm claws you. The lindwurm breathes flames at you.
The blast of flame hits you!!!
Ouch! That really hurt!
You die...
Your body glows with a rainbow of weird colours and disappears.

# #..##.........###...#.....
#.
####..##.#.#.....##....#.....
#.
.....###..>............###...
#. ......##..#......#...###
... ## ......####...........#
.P #P #..##.P#.#.#..#...#..#
... ...#..##.#...........##
#.P# #.###......:..........#
### #.# #.#####....#@.#.#.#
#.P #####........k.....#
#.###.#...#.#........... #.#
#....>####...##..P.
>....^...........## #...
##.........P##..## #.:
#####...#####... .P ##P# #..
##


You could see a lindwurm (catching breath).

Vanquished Creatures
  A catoblepas (Lair:3)
  A two-headed ogre (D:10)
  3 death yaks (Lair:4)
  Pikel (D:9)
  An orc knight (Bailey)
  Maurice (D:9)
  An orange demon (D:8)
  An unseen horror (D:10)
  6 cane toads
  7 komodo dragons
  A rime drake (Lair:5)
  A polar bear (Lair:4)
  A troll (D:9)
  A hornet (D:9)
  Sigmund (D:2)
  7 dream sheep (Lair:4)
  17 yaks
  3 wyverns
  An unseen horror simulacrum (D:10)
  A basilisk (Lair:3)
  10 water moccasins
  2 nagas (Lair:3)
  3 sky beasts
  8 orc warriors
  3 black bears
  2 ogres
  6 wolves
  A centaur (D:6)
  A lemure (D:9)
  4 kobold brigands
  7 bullfrogs
  4 scorpions
  2 gnoll sergeants (D:8)
  3 wights
  4 killer bees (D:8)
  5 howler monkeys
  5 hounds
  3 orc priests
  4 jellies
  A gnoll bouda (D:5)
  6 iguanas
  Jessica (D:2)
  A sleepcap (D:6)
  Ijyb (D:3)
  9 orc wizards
  15 gnolls
  2 adders (D:3)
  A shadow imp (D:6)
  3 white imps
  An ufetubus (D:5)
  5 worms
  2 dart slugs (D:4)
  32 orcs
  4 ball pythons
  4 bats
  5 endoplasms
  4 giant cockroaches
  18 goblins
  7 hobgoblins
  9 jackals
  34 kobolds
  4 quokkas
  7 frilled lizards
  4 rats
314 creatures vanquished.

Vanquished Creatures (collateral kills)
  A spark wasp (Lair:3)
  Amaemon (D:8)
  An ugly thing (D:10)
  A manticore (D:10)
  A cane toad (Lair:2)
  A yaktaur (D:10)
  4 yaks (Lair:2)
  An orc warrior (Bailey)
  A wolf (Lair:2)
  2 bullfrogs (Lair:2)
14 creatures vanquished.

Vanquished Creatures (others)
  2 bushes (Lair:4)
  37 fungi
  42 plants
  5 toadstools (D:1)
86 creatures vanquished.

Grand Total: 414 creatures vanquished

Notes
Turn   | Place    | Note
-------+----------+-------------------------------------------
     0 | D:1      | ragingrage the Demonspawn Reaver began the quest for the
                  | Orb.
     0 | D:1      | Reached XP level 1. HP: 16/16 MP: 3/3
   197 | D:1      | Gained mutation: You regenerate magic rapidly. [demonic
                  | ancestry]
   197 | D:1      | Reached XP level 2. HP: 9/22 MP: 5/5
   387 | D:1      | Reached skill level 1 in Necromancy
   565 | D:1      | Learned a level 2 spell: Momentum Strike
   881 | D:2      | Gained mutation: You are partially covered in slimy green
                  | scales. (AC +2) [demonic ancestry]
   881 | D:2      | Reached XP level 3. HP: 27/27 MP: 6/6
  1036 | D:2      | Noticed Sigmund
  1487 | D:3      | Noticed a sky beast
  1547 | D:4      | Identified the +3 dagger of Rigedaza {freeze, Drain rF-
                  | Dex+4 SInv}
  1556 | D:4      | Reached skill level 1 in Stealth
  1556 | D:4      | Gained mutation: You have a pair of small horns on your
                  | head. [demonic ancestry]
  1556 | D:4      | Reached XP level 4. HP: 18/33 MP: 7/7
  1623 | D:4      | Learned a level 1 spell: Necrotise
  1931 | D:4      | Found a burning altar of Makhleb.
  2094 | D:4      | Reached XP level 5. HP: 4/29 MP: 5/8
  2259 | D:4      | Found a bloodstained altar of Trog.
  2274 | D:4      | Learned a level 3 spell: Vampiric Draining
  2358 | D:4      | Noticed a black bear
  2363 | D:4      | Killed a black bear
  2507 | D:4      | Noticed an ogre
  2534 | D:3      | Noticed Ijyb
  2665 | D:2      | Killed Sigmund
  2666 | D:2      | Reached XP level 6. HP: 25/44 MP: 9/9
  2835 | D:2      | Noticed Jessica
  2840 | D:2      | Killed Jessica
  3260 | D:3      | Killed Ijyb
  3324 | D:3      | Killed a sky beast
  3325 | D:3      | Gained mutation: When hurt, damage is shared between your
                  | health and your magic reserves. [demonic ancestry]
  3325 | D:3      | Reached XP level 7. HP: 28/48 MP: 3/10
  3512 | D:4      | Found Sialaeph's Weapon Boutique.
  4017 | D:5      | Entered Level 5 of the Dungeon
  4069 | D:5      | Reached skill level 1 in Short Blades
  4317 | D:5      | Reached XP level 8. HP: 56/56 MP: 4/11
  4410 | D:5      | Found a staircase to the Ecumenical Temple.
  4412 | D:5      | Found a faded altar of an unknown god.
  4419 | Temple   | Entered the Ecumenical Temple
  4685 | Temple   | Became a worshipper of Nemelex Xobeh the Trickster
  4727 | D:5      | Found an ancient bone altar of Kikubaaqudgha.
  6663 | D:6      | Learned a level 4 spell: Dispel Undead
  6866 | D:7      | Reached * piety under Nemelex Xobeh
  6870 | D:7      | Identified the ring "Rida" {rC+ Int+5}
  6924 | D:7      | Reached XP level 9. HP: 61/61 MP: 6/15
  6993 | D:7      | Found a flagged portal.
  7108 | Bailey   | Entered a bailey
  7203 | Bailey   | Reached skill level 5 in Long Blades
  7325 | Bailey   | Identified the +9 lajatang "Aluisut" {heavy, rN+ Int+4}
  7334 | Bailey   | Identified the +7 mace "Onuenozoe" {freeze, Str+2 Dex+4}
  7447 | Bailey   | Reached skill level 10 in Necromancy
  7687 | Bailey   | Noticed an orc knight
  7696 | Bailey   | Killed an orc knight
  7697 | Bailey   | Reached skill level 1 in Invocations
  7717 | Bailey   | Reached skill level 1 in Staves
  8055 | D:7      | Received a gift from Nemelex Xobeh
  8777 | D:8      | Learned a level 5 spell: Agony
  8806 | D:8      | Noticed Amaemon
  8818 | D:8      | Noticed an orange demon
  8840 | D:8      | Killed an orange demon
  8867 | D:8      | Killed Amaemon
  8868 | D:8      | Reached XP level 10. HP: 20/70 MP: 16/16
  9911 | D:8      | Found an opulent altar of Gozag.
 10375 | D:9      | Reached ** piety under Nemelex Xobeh
 10440 | D:9      | Found a staircase to the Lair.
 10507 | D:9      | Reached skill level 5 in Invocations
 10639 | D:9      | Found a sacrificial altar of Ru.
 10729 | D:9      | Received a gift from Nemelex Xobeh
 10791 | D:9      | Identified the +5 rapier of Lunuk {spect, rPois Str+3 Dex+4
                  | SInv}
 10861 | D:9      | Found a shimmering blue altar of Sif Muna.
 11000 | D:9      | Received a gift from Nemelex Xobeh
 11154 | D:9      | Noticed Pikel
 11162 | D:9      | Killed Pikel
 11171 | D:9      | Noticed Maurice
 11181 | D:9      | Killed Maurice
 11221 | D:10     | Entered Level 10 of the Dungeon
 11243 | D:10     | Noticed a two-headed ogre
 11261 | D:10     | Killed a two-headed ogre
 11262 | D:10     | Gained mutation: You have a pair of horns on your head.
                  | [demonic ancestry]
 11262 | D:10     | Reached XP level 11. HP: 40/77 MP: 2/17
 11987 | D:10     | Found a runed translucent door.
 11987 | D:10     | Found a runed translucent door.
 11994 | D:10     | Noticed a catoblepas
 11997 | D:10     | Identified the -1 hand axe "Utarah" {distort, rF+}
 12001 | D:10     | Noticed a purple ugly thing
 12005 | D:10     | Killed a purple ugly thing
 12006 | D:10     | Reached skill level 5 in Staves
 12009 | D:10     | Identified the +11 falchion of Tentacled Prudence {flame,
                  | Str+3 Stlth-}
 12932 | D:11     | Reached *** piety under Nemelex Xobeh
 13007 | Lair:1   | Entered Level 1 of the Lair of Beasts
 13028 | Lair:1   | Received a gift from Nemelex Xobeh
 13910 | Lair:2   | Received a gift from Nemelex Xobeh
 14063 | Lair:2   | Reached **** piety under Nemelex Xobeh
 14192 | Lair:2   | Found a staircase to the Swamp.
 14291 | Lair:2   | Noticed a seven-headed hydra
 14603 | Lair:2   | Noticed a skyshark
 14915 | Lair:3   | You fall into a shaft and drop 2 floors!
 14915 | Lair:5   | Entered Level 5 of the Lair of Beasts
 14915 | Lair:5   | Found a staircase to the Slime Pits.
 14915 | Lair:5   | Found a viscous altar of Jiyva.
 15110 | Lair:4   | Noticed a death yak
 15122 | Lair:4   | Killed a death yak
 15123 | Lair:4   | Gained mutation: You have a pair of large horns on your
                  | head. [demonic ancestry]
 15123 | Lair:4   | Reached XP level 12. HP: 60/83 MP: 1/18
 15444 | Lair:4   | Reached skill level 10 in Staves
 15752 | Lair:4   | Noticed a death yak
 15775 | Lair:4   | Killed a death yak
 15775 | Lair:4   | Noticed a death yak
 15782 | Lair:4   | Killed a death yak
 16268 | Lair:4   | Reached ***** piety under Nemelex Xobeh
 16424 | Lair:4   | Found a large runed translucent door.
 16425 | Lair:4   | Found a large runed translucent door.
 16427 | Lair:4   | Noticed Veudom's ghost (journeyman BaHu)
 16599 | Lair:3   | Found a staircase to the Snake Pit.
 16638 | Lair:3   | Received a gift from Nemelex Xobeh
 16639 | Lair:3   | Noticed an eight-headed hydra
 16661 | Lair:3   | an eight-headed hydra changed into a spark wasp
 16661 | Lair:3   | Noticed a spark wasp
 16666 | Lair:3   | Killed a spark wasp
 16886 | Lair:3   | Noticed a catoblepas
 16904 | Lair:3   | Killed a catoblepas
 17162 | Lair:3   | Killed from afar by a lindwurm

Illustrated notes

Levels and vault maps discovered:
D:1:      ldierk_walled_garden, layout_rooms
D:2:      layout_loops_ring, chequers_serial_rivers_micro_a, uniq_jessica,
          uniq_sigmund
D:3:      layout_rooms, nicolae_wormholes, uniq_ijyb
D:4:      layout_loops_cross, trog_butcher_becter, pf_just_have_faith,
          serial_shops, nicolae_shop_statue_plus
D:5:      layout_cave_pools, mainiacjoe_overflow_small_starburst,
          nicolae_temple_entry_ecumenical, chequers_serial_rivers_micro_d
D:6:      layout_rooms
D:7:      layout_cave_pools, lightli_bailey_entry_fortress
D:8:      layout_basic, mainiacjoe_overflow_tiny_flanked,
          minmay_strange_pillars, uniq_amaemon
D:9:      layout_long_grid, kennysheep_little_box,
          mainiacjoe_overflow_boulevard, lair_entry_dummy, uniq_pikel,
          uniq_maurice
D:10:     minmay_the_grid_triangle_9x9_recursive_2
          [minmay_the_grid_triangle_9x9_prize_schism,
          minmay_the_grid_triangle_9x9_tough_junction,
          minmay_the_grid_triangle_9x9_limited_checkers,
          minmay_the_grid_triangle_9x9_zippers_vertical], layout_rooms,
          dk_rats_in_the_wall
D:11:     layout_cave_pods, kennysheep_orc_monster_closet_entryway,
          uniq_gastronok
Temple:   compressed_dpeg_triangle_lava_temple
Lair:1:   layout_regular_city
Lair:2:   layout_long_grid, swamp_mist, lemuel_fruit_fields
Lair:3:   layout_loops_ring, minmay_snake_entry_guardpost_small
Lair:4:   layout_loops_ring, ebering_ghost_disaster_area,
          hangedman_lair_generics_rect, infiniplex_staircase_pool,
          lemuel_fruit_fields
Lair:5:   minmay_lair_end_enchanted_forest, layout_cellular_growth,
          slime_entry_1

Skill      XL: |  1  2  3  4  5  6  7  8  9 10 11 12 |
---------------+-------------------------------------+-----
Necromancy     | 1 3 6 7 8 9 11 12 | 12.0
Long Blades    | 3 4 5 |  5.1
Stealth        | 1 2 3 4 |  4.0
Short Blades   | 1 3 |  3.9
Spellcasting   | 4 |  4.0
Dodging        | 3 4 |  4.0
Invocations    | 3 8 9 |  9.0
Staves         | 2 3 9 12 | 12.5
Fighting       | 3 4 |  4.0
Conjurations   | |  3.7
Translocations | |  0.9

Action                     |  1- 3 |  4- 6 |  7- 9 | 10-12 || total
---------------------------+-------+-------+-------+-------++-------
  Melee: Falchion          |   185 |    93 |   128 |       ||   406
         Punch             |     4 |     2 |     1 |       ||     7
         Headbutt          |       |    13 |    28 |    47 ||    88
         Great sword       |       |       |    57 |    70 ||   127
         Rapier            |       |       |       |    21 ||    21
         Lajatang          |       |       |       |   156 ||   156
   Fire: Longbow           |       |       |    11 |     7 ||    18
  Throw: Dart              |       |       |     3 |     4 ||     7
         Boomerang         |       |       |     3 |       ||     3
   Cast: Necrotise         |       |    19 |    33 |    11 ||    63
         Kiss of Death     |       |     5 |     1 |       ||     6
         Momentum Strike   |       |     1 |       |       ||     1
         Vampiric Draining |       |     6 |   103 |    99 ||   208
         Dispel Undead     |       |       |     2 |       ||     2
         Agony             |       |       |       |    32 ||    32
 Invoke: Draw Summoning    |       |       |     1 |     4 ||     5
         Draw Destruction  |       |       |       |    10 ||    10
  Evoke: Wand              |       |       |     4 |     3 ||     7
    Use: Scroll            |     3 |       |     9 |    11 ||    23
         Potion            |       |     2 |     1 |     2 ||     5
   Stab: Distracted        |       |       |       |     1 ||     1
         Sleeping          |       |       |       |     1 ||     1
 Armour: Leather armour    |     4 |       |       |       ||     4
         Ring mail         |    70 |    45 |   147 |   187 ||   449
  Dodge: Dodged            |    98 |    46 |   167 |   227 ||   538

Table legend: (Time is in decaauts)
 A = Elapsed time spent in this place.
 B = Non-inter-level travel time spent in this place.
 C = Inter-level travel time spent in this place.
 D = Time resting spent in this place.
 E = Time spent auto-exploring this place.
 F = Levels seen in this place.
 G = Mean time per level.
                   A        B        C        D        E       F      G
               +--------+--------+--------+--------+--------+-----+--------+
         Total |  17385 |  16502 |    883 |   5037 |   7873 |  18 |  965.8 |
       Dungeon |  12083 |  11303 |    780 |   3472 |   5258 |  11 | 1098.5 |
        Temple |    271 |    248 |     23 |      0 |    239 |   1 |  271.0 |
          Lair |   4197 |   4118 |     79 |   1390 |   1993 |   5 |  839.4 |
        Bailey |    832 |    832 |      0 |    175 |    382 |   1 |  832.0 |
               +--------+--------+--------+--------+--------+-----+--------+

Top non-repeatable levels by time:
     D:8: 1808 daAuts
     D:4: 1677 daAuts
  Lair:4: 1537 daAuts
     D:5: 1490 daAuts
    D:10: 1375 daAuts
     D:9: 1109 daAuts
     D:6: 1101 daAuts
     D:2: 957 daAuts
     D:7: 893 daAuts
  Lair:1: 869 daAuts
  Lair:2: 857 daAuts
  Bailey: 832 daAuts
     D:3: 815 daAuts
  Lair:3: 801 daAuts
     D:1: 782 daAuts
